 Dungeon Crawl Stone Soup version 0.31-a0-1603-gbec6b6ccbf (webtiles) character file.

Game seed: 1247534055635600883

710 Xavori the Trooper (level 8, -3/52 HPs)
             Began as a Djinni Chaos Knight on Jan 8, 2024.
             Was a Plaything of Xom.
             Slain by Larett's ghost (29 damage)
             ... on level 5 of the Dungeon.
             The game lasted 00:05:23 (12427 turns).

Xavori the Trooper (Djinni Chaos Knight)           Turns: 12427, Time: 00:05:24

Health: -3/52      AC: 14    Str: 14    XL:     8   Next: 0%
Gold:   259        EV: 27    Int: 17    God:    Xom [..*...] SH:  0 Dex: 16

rFire   + + .        a - +0 falchion (chaos)
rCold   x . .        (no shield)
rNeg    . . .        h - +7 scale mail of Pestoud {Str+3 Int+4}
rPois   ∞            (helmet restricted)
rElec   .            (no cloak)
rCorr   .            l - +0 pair of gloves
SInv    .            (boots unavailable)
Will    .....        s - amulet of the acrobat
Stlth   +            (no ring)
HPRegen 1.08/turn    (no ring)
MPRegen 0.00/turn

%: acrobat, infuse magic (-4 HP)
@: acrobatic, flying, hasted, very quick
A: sickness immunity, fire resistance 2, cold vulnerability 1, float, innate
caster, HP casting, extra vitality 1, beak, frail 1, mutation resistance 1,
regeneration 1, subdued magic 1, sturdy frame 1, noise suppression
a: Renounce Religion


You were on level 5 of the Dungeon.
You worshipped Xom.
You were a toy of Xom.
You visited 1 branch of the dungeon, and saw 5 of its levels.

You collected 259 gold pieces.

Inventory:

Hand Weapons
 a - a +0 falchion of chaos (weapon)
Armour
 b - a +2 leather armour
 h - the +7 scale mail of Pestoud (worn) {Str+3 Int+4}
   (You found it on level 3 of the Dungeon)

   Str+3:     It affects your strength (+3).
   Int+4:     It affects your intelligence (+4).
 l - a +0 pair of gloves (worn)
 t - a +0 helmet
Jewellery
 s - an amulet of the acrobat (around neck)
Wands
 j - a wand of flame (13)
Scrolls
 c - 2 scrolls of butterflies
 f - a scroll of revelation
 k - a scroll of poison
 m - 2 scrolls of enchant weapon
 o - a scroll of blinking {unknown}
 q - 2 scrolls of immolation {unknown}
Potions
 d - a potion of curing {unknown}
 p - a potion of haste
 r - a potion of lignification {unknown}


   Skills:
 + Level 4.3 Fighting
 + Level 3.9 Long Blades
 + Level 3.1 Armour
 + Level 4.0 Dodging
 * Level 3.0 Spellcasting
 * Level 3.0 Conjurations
 * Level 3.0 Hexes
   Level 0.0 Charms
 * Level 3.0 Summonings
 * Level 3.0 Necromancy
 * Level 3.0 Translocations
   Level 0.0 Transmutations
 * Level 3.0 Fire Magic
 * Level 3.0 Ice Magic
 * Level 3.0 Air Magic
 * Level 3.0 Earth Magic
 * Level 3.0 Alchemy
 + Level 2.5 Evocations


You knew the following spells:

 Your Spells              Type           Power      Damage    Failure   Level
a - Sting                 Conj/Alch      36%        1d5       10%         1
b - Ensorcelled Hibernat  Hex/Ice        18%        N/A       16%         2
c - Blink                 Tloc           18%        N/A       16%         2
Your spell library was empty.

Dungeon Overview and Level Annotations

Branches:
Dungeon (5/15)
 Temple: D:4-7

Altars:
Trog

Shops:
D:1 =   D:2 (   D:4 [

Annotations:
D:5 Larett's ghost, amateur MiBe


Innate Abilities, Weirdness & Mutations

You are immune to sickness and miasma.
You are immune to poison.
Your flesh is very heat resistant. (rF++)
You are vulnerable to cold. (rC-)
You float through the air rather than walking.
You learn spells naturally, not from books.
Your magical power is your life essence.
You have superior vitality. (+4 MHP)
You have a beak for a mouth.
You are frail. (-10% HP)
You are somewhat resistant to further mutation.
Your natural rate of healing is unusually fast.
Your spells are a little easier to cast, but a little less powerful.
Your movements are slightly less encumbered by armour. (ER -2)
You passively dampen the noise of your surroundings.


Message History

Your peck misses Larett's ghost.
Larett's ghost is severely damaged.
You hit Larett's ghost but do no damage.
Larett's ghost is severely damaged.
Larett's ghost closely misses you.
You closely miss Larett's ghost.
Larett's ghost is severely damaged.
Larett's ghost hits you!!
Ouch! That really hurt!
* * * LOW HITPOINT WARNING * * *
You completely miss Larett's ghost. You peck Larett's ghost.
Larett's ghost is severely damaged.
Cast which spell? (? or * to list)
Okay, then.
Aiming: Throw Flame
Press: ? - help, Shift-Dir - straight line, f/p - Larett's ghost
Aim: Larett's ghost (severely damaged, strong, 64% to hit)
The puff of flame misses Larett's ghost.
Aiming: Throw Flame
Press: ? - help, Shift-Dir - straight line, f/p - Larett's ghost
Aim: Larett's ghost (severely damaged, strong, 64% to hit)
The puff of flame hits Larett's ghost.
Larett's ghost is almost destroyed.
Aiming: Throw Flame
Press: ? - help, Shift-Dir - straight line, f/p - Larett's ghost
Aim: Larett's ghost (almost destroyed, strong, 64% to hit)
The puff of flame hits Larett's ghost.
Larett's ghost is almost destroyed.
Aiming: Throw Flame
Press: ? - help, Shift-Dir - straight line, f/p - Larett's ghost
Aim: Larett's ghost (almost destroyed, strong, 64% to hit)
The puff of flame hits Larett's ghost but does no damage.
Larett's ghost is almost destroyed.
Aiming: Throw Flame
Press: ? - help, Shift-Dir - straight line, f - you, p - Larett's ghost
Okay, then.
Larett's ghost attacks as it pursues you!
Larett's ghost hits you!!
Ouch! That really hurt!
You die...

..####..................
#.......................
#.......................
####..#.#.#.=...........
##........##......####
#...#.#.#.####.....§.#
##......†.###...#.....
#..#.#.#.#...........
#...@W.....##........
###############.....§
#...#.# #...### #...# #
##### #


You could see Larett's ghost (strong).

Vanquished Creatures
  The ghost of variable76 the Insei, an amateur DsSh of Makhleb (D:3)
  2 phantoms
  A brain worm (D:3)
  A gnoll sergeant (D:5)
  A scorpion (D:5)
  A gnoll bouda (D:5)
  An orc wizard (D:5)
  2 adders
  10 gnolls
  A dart slug (D:1)
  2 ribbon worms
  10 orcs
  6 endoplasms
  A giant cockroach (D:4)
  8 hobgoblins
  3 jackals (D:4)
  8 kobolds
  3 quokkas
  5 ball pythons
  4 bats
  2 frilled lizards (D:1)
  2 goblins (D:3)
  9 rats
84 creatures vanquished.

Vanquished Creatures (others)
  A gnoll (D:3)
1 creature vanquished.

Grand Total: 85 creatures vanquished

Notes
Turn   | Place    | Note
-------+----------+-------------------------------------------
     0 | D:1      | Xavori the Djinni Chaos Knight began the quest for the Orb.
     0 | D:1      | Reached XP level 1. HP: 20/20 MP: 0/0
    26 | D:1      | XOM: silly message
    58 | D:1      | Reached XP level 2. HP: 25/25 MP: 0/0
   208 | D:1      | XOM: silly message
   300 | D:1      | Found a faded altar of an unknown god.
   308 | D:1      | Reached XP level 3. HP: 30/30 MP: 0/0
   308 | D:1      | Learned a level 1 spell: Sting
   340 | D:1      | Found Boghiytama's Jewellery Shoppe.
   360 | D:1      | Reached skill level 1 in Spellcasting
   360 | D:1      | Reached skill level 1 in Conjurations
   360 | D:1      | Reached skill level 1 in Hexes
   360 | D:1      | Reached skill level 1 in Summonings
   360 | D:1      | Reached skill level 1 in Necromancy
   360 | D:1      | Reached skill level 1 in Translocations
   360 | D:1      | Reached skill level 1 in Fire Magic
   360 | D:1      | Reached skill level 1 in Ice Magic
   360 | D:1      | Reached skill level 1 in Air Magic
   360 | D:1      | Reached skill level 1 in Earth Magic
   360 | D:1      | Reached skill level 1 in Alchemy
   644 | D:1      | XOM: silly message
   885 | D:2      | Found Enkuq's Weapon Emporium.
   950 | D:2      | XOM: divination: detect items
  1374 | D:2      | XOM: scenery: summon butterflies
  1519 | D:2      | XOM: god gift: scroll labelled FUDEOB LELU {god gift}
  1638 | D:1      | XOM: god gift: wand of mindburst (7)
  2617 | D:1      | XOM: give mutations
  2617 | D:1      | Gained mutation: You have supernaturally acute eyesight.
                  | (SInv) [Xom's mischief]
  2617 | D:1      | Gained mutation: You have hidden genetic defects. [Xom's
                  | mischief]
  2617 | D:1      | Gained mutation: Your health recovers twice as slowly from
                  | being drained. [Xom's mischief]
  2617 | D:1      | Gained mutation: You have a beak for a mouth. [Xom's
                  | mischief]
  2849 | D:1      | XOM: 2-stop teleportation journey
  3022 | D:1      | XOM is BORED!
  3476 | D:1      | XOM: cloud trail
  3544 | D:1      | XOM: scenery: summon butterflies
  3927 | D:1      | XOM: give mutation
  3927 | D:1      | Lost mutation: You have hidden genetic defects. [Xom's
                  | grace]
  4109 | D:1      | XOM: draining
  4467 | D:1      | XOM: give mutations
  4467 | D:1      | Gained mutation: Your flesh is almost immune to the effects
                  | of heat. (rF+++) [Xom's grace]
  4467 | D:1      | Gained mutation: You are somewhat resistant to further
                  | mutation. [Xom's grace]
  4467 | D:1      | Gained mutation: You possess an exceptional clarity of
                  | mind. [Xom's grace]
  4682 | D:1      | XOM: give mutations
  4682 | D:1      | Gained mutation: Your spells are a little easier to cast,
                  | but a little less powerful. [Xom's mischief]
  4682 | D:1      | Gained mutation: You are clumsy. (Dex -2) [Xom's mischief]
  4859 | D:1      | XOM: noise
  4976 | D:1      | XOM: silly message
  6770 | D:1      | XOM is BORED!
  7188 | D:1      | XOM: give mutations
  7188 | D:1      | Gained mutation: Armour fits poorly on your strangely
                  | shaped body. [Xom's mischief]
  7188 | D:1      | Lost mutation: You possess an exceptional clarity of mind.
                  | [Xom's mischief]
  7188 | D:1      | Gained mutation: Your natural rate of healing is unusually
                  | fast. [Xom's mischief]
  7807 | D:1      | XOM: summons 2 hostile demons
  7916 | D:2      | XOM: give mutations
  7916 | D:2      | Gained mutation: You are robust. (+10% HP) [Xom's mischief]
  7916 | D:2      | Gained mutation: You passively dampen the noise of your
                  | surroundings. [Xom's mischief]
  7916 | D:2      | Lost mutation: You are robust. (+10% HP) [Xom's mischief]
  8120 | D:1      | XOM: give mutation
  8120 | D:1      | Lost mutation: You have supernaturally acute eyesight.
                  | (SInv) [Xom's mischief]
  8184 | D:1      | XOM: summons 1 hostile demon
  9060 | D:1      | XOM is BORED!
  9060 | D:1      | XOM: summons 2 hostile demons
  9893 | D:1      | XOM: noise
 10510 | D:1      | XOM: silly message
 10691 | D:1      | XOM: give mutations
 10691 | D:1      | Gained mutation: Your movements are slightly less
                  | encumbered by armour. (ER -2) [Xom's mischief]
 10691 | D:1      | Lost mutation: Your health recovers twice as slowly from
                  | being drained. [Xom's mischief]
 10691 | D:1      | Lost mutation: You are clumsy. (Dex -2) [Xom's mischief]
 10691 | D:1      | Lost mutation: Armour fits poorly on your strangely shaped
                  | body. [Xom's mischief]
 10939 | D:2      | XOM: give mutations
 10939 | D:2      | Lost mutation: Your flesh is almost immune to the effects
                  | of heat. (rF+++) [Xom's mischief]
 10939 | D:2      | Gained mutation: You are frail. (-10% HP) [Xom's mischief]
 10979 | D:3      | Reached XP level 4. HP: 26/26 MP: 0/0
 10996 | D:3      | Found a runed translucent gate.
 10996 | D:3      | Found a runed translucent gate.
 11001 | D:3      | Found a runed translucent gate.
 11062 | D:3      | Noticed variable76's ghost (amateur DsSh)
 11063 | D:3      | Identified the +5 dagger of a Labyrinth {freeze, rN+++
                  | Str+3 Int+4 Dex-2}
 11063 | D:3      | Identified the +7 scale mail of Pestoud {Str+3 Int+4}
 11090 | D:3      | Found a bloodstained altar of Trog.
 11146 | D:3      | XOM: smoke on damage
 11387 | D:3      | XOM: summons 2 hostile demons
 11491 | D:3      | an orc changed into a brain worm
 11491 | D:3      | Noticed a brain worm
 11491 | D:3      | XOM: polymorph orc -> brain worm
 11497 | D:3      | Killed variable76's ghost
 11498 | D:3      | Reached skill level 1 in Evocations
 11498 | D:3      | Reached XP level 5. HP: 25/36 MP: 0/0
 11498 | D:3      | Learned a level 2 spell: Ensorcelled Hibernation
 11498 | D:3      | Reached XP level 6. HP: 29/42 MP: 0/0
 11559 | D:3      | Identified the +7 chain mail "Paoluc" {Rampage ^Drain rElec
                  | Str+7 Slay-2}
 11818 | D:4      | XOM: blink monster(s)
 11830 | D:4      | Reached XP level 7. HP: 44/45 MP: 0/0
 11830 | D:4      | Learned a level 2 spell: Blink
 12025 | D:4      | Found Ohua's Armour Shop.
 12123 | D:5      | Entered Level 5 of the Dungeon
 12234 | D:5      | Found a runed translucent door.
 12298 | D:5      | XOM: butterfly on damage
 12315 | D:5      | XOM: potion effect (attraction)
 12325 | D:5      | Noticed Larett's ghost (amateur MiBe)
 12370 | D:5      | XOM: silly message
 12385 | D:5      | Reached XP level 8. HP: 41/52 MP: 0/0
 12427 | D:5      | Slain by Larett's ghost

Illustrated notes

Levels and vault maps discovered:
D:1:      minmay_arrival_loop, layout_basic,
          hellmonk_ecumenical_altar_pennies_from_heaven, serial_aquarium,
          aquarium_bridge_island_small [aquarium_subvault_small_open,
          aquarium_subvault_bridge, aquarium_subvault_wall,
          aquarium_subvault_balcony, aquarium_subvault_wall], aquarium_window_1,
          aquarium_window_2, aquarium_view_2c, aquarium_view_2d, serial_shops,
          nicolae_shop_waterfront
D:2:      layout_loops_ring, serial_shops, shop
D:3:      layout_basic, trog_three_pillars_becter, biasface_ghost_orc_armoury,
          kennysheep_pointless_box, st_stairs_14, minmay_misc_feat_roman
D:4:      layout_cave_pools, serial_shops, kennysheep_mini_moat
D:5:      layout_cave_pools, minmay_temple_entry_grid,
          ebering_ghost_reflecting_pool, serial_glass, glass_columns_a,
          glass_columns_a, glass_columns_a, glass_columns_b, glass_columns_c,
          glass_columns_a, glass_columns_a, glass_columns_c, glass_columns_b,
          glass_columns_b, glass_columns_a, glass_columns_c, glass_columns_b,
          glass_columns_a

Skill      XL: |  1  2  3  4  5  6  7 |
---------------+----------------------+-----
Spellcasting   | 1 2 3 |  3.0
Conjurations   | 1 2 3 |  3.0
Hexes          | 1 2 3 |  3.0
Summonings     | 1 2 3 |  3.0
Necromancy     | 1 2 3 |  3.0
Translocations | 1 2 3 |  3.0
Fire Magic     | 1 2 3 |  3.0
Ice Magic      | 1 2 3 |  3.0
Air Magic      | 1 2 3 |  3.0
Earth Magic    | 1 2 3 |  3.0
Alchemy        | 1 2 3 |  3.0
Long Blades    | 3 |  3.9
Armour         | 2 3 |  3.1
Dodging        | 3 4 |  4.0
Evocations     | 1 2 |  2.5
Fighting       | 4 |  4.3

Action                     |  1- 3 |  4- 6 |  7- 9 || total
---------------------------+-------+-------+-------++-------
  Melee: Falchion          |    86 |   121 |   117 ||   324
         Peck              |     1 |    20 |    25 ||    46
         Punch             |       |     1 |     1 ||     2
  Evoke: Wand              |       |     5 |     6 ||    11
    Use: Scroll            |     1 |       |     4 ||     5
         Potion            |       |     2 |     1 ||     3
   Stab: Sleeping          |     2 |       |       ||     2
         Confused          |       |     1 |     1 ||     2
 Armour: Leather armour    |    38 |    36 |       ||    74
         Scale mail        |       |    42 |    94 ||   136
  Dodge: Dodged            |    58 |    62 |   100 ||   220

Table legend: (Time is in decaauts)
 A = Elapsed time spent in this place.
 B = Non-inter-level travel time spent in this place.
 C = Inter-level travel time spent in this place.
 D = Time resting spent in this place.
 E = Time spent auto-exploring this place.
 F = Levels seen in this place.
 G = Mean time per level.
                   A        B        C        D        E       F      G
               +--------+--------+--------+--------+--------+-----+--------+
         Total |  12478 |  12299 |    179 |   9378 |   2114 |   5 | 2495.6 |
       Dungeon |  12478 |  12299 |    179 |   9378 |   2114 |   5 | 2495.6 |
               +--------+--------+--------+--------+--------+-----+--------+

Top non-repeatable levels by time:
     D:1: 9621 daAuts
     D:2: 1374 daAuts
     D:3: 620 daAuts
     D:4: 594 daAuts
     D:5: 268 daAuts
